 Dungeon Crawl Stone Soup version 0.32-a0-468-g38b2580584 (webtiles) character file.

Game seed: 16404223907507131959

1628 javelincjr the Trooper (level 8, -9/103 (109) HPs)
             Began as a Mountain Dwarf Monk on Feb 24, 2024.
             Was a Believer of Beogh.
             Mangled by a wight
             ... wielding a +3 war axe
              (13 damage)
             ... on level 6 of the Dungeon on Feb 26, 2024.
             The game lasted 00:18:37 (5159 turns).

javelincjr the Trooper (Mountain Dwarf Monk)        Turns: 5159, Time: 00:18:37

HP:   -9/103 (109)  AC:  5    Str: 16    XL:     8   Next: 65%
MP:   10/10         EV: 12    Int: 14    God:    Beogh [**....]
Gold: 206           SH:  0    Dex: 12    Spells: 7/7 levels left

rFire   . . .        y - +0 rapier of Witif {drain, rElec}
rCold   . . .        d - orb {light}
rNeg    . . .        H - +1 leather armour of the Trout {Rampage SInv}
rPois   .            (no helmet)
rElec   +            e - +0 cloak
rCorr   .            (no gloves)
SInv    +            (no boots)
Will    .....        t - amulet "Xeush" {Regen+ Int+3 Slay+3} Stlth
                     (no ring)
HPRegen 1.17/turn    (no ring)
MPRegen 0.12/turn

%: rampage
@: berserking, glowing, drained, very quick
A: runic magic, artefact enchanting
a: Renounce Religion, Smiting


You were on level 6 of the Dungeon.
You worshipped Beogh.
Beogh was pleased with you.
You visited 1 branch of the dungeon, and saw 6 of its levels.
You also visited: Sewer.

You collected 206 gold pieces.

Inventory:

Hand Weapons
 a - a +0 hand axe
 f - a +0 spear
 k - a +1 dagger of venom
 y - the +0 rapier of Witif (weapon) {drain, rElec}
   (You found it in a sewer)

   rElec:     It insulates you from electricity.
Missiles
 g - 9 poisoned darts (quivered)
Armour
 b - a +0 robe
 d - an orb of light (worn)
 e - a +0 cloak (worn)
 q - a +0 scale mail
 C - a +0 chain mail
 H - the +1 leather armour of the Trout (worn) {Rampage SInv}
   (You found it on level 5 of the Dungeon)

   SInv:      It lets you see invisible.
   Rampage:   It bestows one free step when moving towards enemies.
Jewellery
 l - an amulet of faith
 t - the amulet "Xeush" (around neck) {Regen+ Int+3 Slay+3}
   (You found it in a sewer)

   [amulet of regeneration]

   Int+3:     It affects your intelligence (+3).
   Slay+3:    It affects your accuracy & damage with ranged weapons and melee
   (+3).
   Regen+:    It increases your rate of health regeneration.
Wands
 E - a wand of roots (4)
 F - a wand of charming (15)
Scrolls
 j - 3 scrolls of immolation
 m - 3 scrolls of amnesia
 o - a scroll of fear {unknown}
 p - 3 scrolls of enchant weapon {unknown}
 r - 2 scrolls of poison {unknown}
 s - 3 scrolls of teleportation {unknown}
 u - 2 scrolls of brand weapon {unknown}
 v - 3 scrolls of torment {unknown}
 z - a scroll of noise {unknown}
 G - a scroll of revelation
Potions
 c - 3 potions of ambrosia
 h - a potion of brilliance {unknown}
 i - a potion of haste {unknown}
 n - 2 potions of cancellation
 w - a potion of magic
 x - a potion of attraction {unknown}
 A - a potion of mutation {unknown}
 D - 2 potions of curing


   Skills:
 * Level 7.2 Fighting
 + Level 2.3 Short Blades
 + Level 6.2 Axes
 + Level 4.2 Armour
 + Level 3.8 Dodging
 + Level 3.1 Stealth
 + Level 3.1 Invocations


You had 7 spell levels left.
You didn't know any spells.
Your spell library contained the following spells:

 Spells                   Type           Power      Damage    Failure   Level
 Tukima's Dance           Hex            0%         N/A       65%         3
 Passage of Golubria      Tloc           0%         N/A       96%         4
 Yara's Violent Unravell  Hex/Alch       0%         3d3       100%        5


Dungeon Overview and Level Annotations

Branches:
Dungeon (6/15)             Temple (0/1) D:4           Sewer (visited)

Altars:
Cheibriados
Uskayaw
The Shining One


Innate Abilities, Weirdness & Mutations

Your facial features look somewhat orcish.
Your spellcasting is much less encumbered by armour.
You can use scrolls of enchantment on lesser artefacts.


Message History

The wight barely misses you.
You barely miss the wight.
The wight is lightly damaged.
You hit the wight.
The wight is lightly damaged.
The wight barely misses you. The orc closely misses you.
The wight hits you with a +3 war axe! The wight misses you.
You hit the wight.
The wight is heavily damaged.
The wight hits you with a +0 great sword!
* * * LOW HITPOINT WARNING * * *
You feel drained.
* * * LOW HITPOINT WARNING * * *
The orc hits you with a +0 morningstar!
* * * LOW HITPOINT WARNING * * *
The wight hits you with a +3 war axe!
* * * LOW HITPOINT WARNING * * *
The wight misses you.
You hit the wight.
The wight is heavily damaged.
The wight hits you with a +0 great sword.
* * * LOW HITPOINT WARNING * * *
You feel drained.
* * * LOW HITPOINT WARNING * * *
The orc hits you but does no damage. The wight hits you with a +3 war axe.
* * * LOW HITPOINT WARNING * * *
The wight barely misses you.
You puncture the wight!
You destroy the wight!
Beogh accepts your kill.
The wight barely misses you. x2; The orc barely misses you.
You hit the wight but do no damage. You puncture the wight!
The wight is almost destroyed.
The wight barely misses you. The orc closely misses you. The wight misses you.
You puncture the wight!
You destroy the wight!
Beogh accepts your kill. The wight hits you with a +3 war axe!
You die...

... ###.# ≈.§.
...##...# ≈._.
#......# §≈...
......# ..§§≈
##..<.#.≈≈§
.##.....#..
......z..######
#.....@o......
#.....).)......
.............#.
......##....##
...... ...##
...... ....
..(.. ..#..
..... ..#...


You could see a wight and an orc.

Vanquished Creatures
  Prince Ribbit (D:5)
  3 yaks
  A phantom (D:4)
  An ogre (D:4)
  2 bullfrogs
  A scorpion (D:4)
  4 wights
  A howler monkey (D:5)
  A hound (D:5)
  A bombardier beetle (D:3)
  2 jellies (D:4)
  An iguana (D:5)
  Natasha (thrice) (D:2)
  Ijyb (D:5)
  10 adders
  12 dart slugs
  2 ribbon worms
  3 orcs
  12 ball pythons
  4 endoplasms
  17 giant cockroaches
  15 goblins
  3 hobgoblins
  7 jackals
  3 kobolds
  8 quokkas
  9 bats
  9 frilled lizards
  5 rats
142 creatures vanquished.

Vanquished Creatures (others)
  A goblin (D:4)
1 creature vanquished.

Grand Total: 143 creatures vanquished

Notes
Turn   | Place    | Note
-------+----------+-------------------------------------------
     0 | D:1      | javelincjr the Mountain Dwarf Monk began the quest for the
                  | Orb.
     0 | D:1      | Reached XP level 1. HP: 19/19 MP: 1/1
   218 | D:1      | Reached XP level 2. HP: 26/26 MP: 2/2
   395 | D:1      | You fall into a shaft and drop 1 floor!
   409 | D:2      | Reached XP level 3. HP: 33/33 MP: 3/3
   536 | D:1      | Reached skill level 1 in Armour
  1049 | D:2      | Noticed Natasha
  1056 | D:2      | Killed Natasha
  1057 | D:2      | Reached skill level 4 in Fighting
  1057 | D:2      | Reached XP level 4. HP: 30/40 MP: 4/4
  1341 | D:2      | Noticed Natasha
  1349 | D:2      | Killed Natasha
  1350 | D:2      | Reached skill level 1 in Stealth
  1506 | D:2      | Found a snail-covered altar of Cheibriados.
  1543 | D:2      | Noticed Natasha
  1552 | D:2      | Killed Natasha
  1666 | D:3      | Reached XP level 5. HP: 45/47 MP: 5/5
  2604 | D:4      | Found a glowing drain.
  2631 | Sewer    | Entered a sewer
  2714 | Sewer    | Reached skill level 5 in Fighting
  2766 | Sewer    | Reached XP level 6. HP: 23/56 MP: 6/6
  3048 | Sewer    | Identified the amulet "Xeush" {Regen+ Int+3 Slay+3}
  3050 | Sewer    | Identified the +0 rapier of Witif {drain, rElec}
  3364 | D:4      | Found a staircase to the Ecumenical Temple.
  3373 | D:4      | Became a worshipper of Beogh the Shepherd
  3373 | D:4      | Reached * piety under Beogh
  3373 | D:4      | Reached ** piety under Beogh
  3379 | D:4      | Reached skill level 5 in Axes
  3475 | D:4      | Reached XP level 7. HP: 33/62 MP: 7/7
  3758 | D:4      | Reached skill level 1 in Short Blades
  3884 | D:4      | Reached skill level 6 in Fighting
  4073 | D:5      | Entered Level 5 of the Dungeon
  4073 | D:5      | Noticed Prince Ribbit
  4090 | D:5      | Killed Prince Ribbit
  4091 | D:5      | Reached skill level 1 in Invocations
  4108 | D:5      | Identified the +0 leather armour of the Trout {Rampage
                  | SInv}
  4201 | D:5      | Noticed a yak
  4212 | D:5      | Killed a yak
  4212 | D:5      | Noticed a yak
  4213 | D:5      | Reached XP level 8. HP: 55/71 MP: 9/9
  4384 | D:5      | Noticed Blork the orc
  4384 | D:5      | Pacified Blork the orc
  4493 | D:5      | Reached skill level 7 in Fighting
  4963 | D:5      | Noticed Ijyb
  4970 | D:5      | Killed Ijyb
  5099 | D:5      | Found a hide-covered altar of Uskayaw.
  5122 | D:6      | Found a glowing golden altar of the Shining One.
  5155 | D:6      | HP: 4/103 [wight/+0 great sword (6)]
  5155 | D:6      | HP: 1/100 [wight/+3 war axe (2)]
  5159 | D:6      | Mangled by a wight

Illustrated notes

Levels and vault maps discovered:
D:1:      minmay_arrival_pointy, layout_loops_ring, serial_bayou_pond_c
D:2:      layout_rooms, basic_altar, nicolae_concentric_dashed_squares_mild,
          uniq_natasha
D:3:      layout_loops_corners
D:4:      kb_forest_paths, layout_basic, minmay_temple_entry_stoned_glass,
          gup_sewer_entry_pipe
D:5:      layout_basic, nicolae_uskayaw_suspiria, uniq_ijyb, uniq_blork_the_orc,
          uniq_prince_ribbit1
D:6:      layout_cave_pools, mainiacjoe_overflow_paths, uniq_sigmund

Skill      XL: |  1  2  3  4  5  6  7  8 |
---------------+-------------------------+-----
Axes           | 4 5 6 |  6.2
Armour         | 1 2 3 4 |  4.2
Fighting       | 4 5 6 7 |  7.2
Stealth        | 1 2 3 |  3.1
Dodging        | 3 |  3.8
Short Blades   | 1 2 |  2.3
Invocations    | 2 3 |  3.1

Action                     |  1- 3 |  4- 6 |  7- 9 || total
---------------------------+-------+-------+-------++-------
  Melee: Hand axe          |    84 |       |       ||    84
         Dagger            |     7 |   212 |       ||   219
         Rapier            |       |    33 |   108 ||   141
  Throw: Dart              |       |     1 |    13 ||    14
 Invoke: Convert to Beogh  |       |     1 |       ||     1
         Smiting           |       |       |     1 ||     1
    Use: Scroll            |       |     6 |     4 ||    10
         Potion            |       |     2 |     2 ||     4
   Stab: Sleeping          |       |       |     1 ||     1
 Armour: Robe              |    46 |   170 |       ||   216
         Scale mail        |       |       |    19 ||    19
         Leather armour    |       |       |    60 ||    60
  Dodge: Dodged            |    59 |   176 |    68 ||   303

Table legend: (Time is in decaauts)
 A = Elapsed time spent in this place.
 B = Non-inter-level travel time spent in this place.
 C = Inter-level travel time spent in this place.
 D = Time resting spent in this place.
 E = Time spent auto-exploring this place.
 F = Levels seen in this place.
 G = Mean time per level.
                   A        B        C        D        E       F      G
               +--------+--------+--------+--------+--------+-----+--------+
         Total |   5298 |   5158 |    140 |     89 |   3726 |   7 |  756.9 |
       Dungeon |   4605 |   4465 |    140 |     89 |   3417 |   6 |  767.5 |
         Sewer |    692 |    692 |      0 |      0 |    309 |   1 |  692.0 |
               +--------+--------+--------+--------+--------+-----+--------+

Top non-repeatable levels by time:
     D:4: 1141 daAuts
     D:1: 994 daAuts
     D:5: 962 daAuts
     D:3: 851 daAuts
   Sewer: 692 daAuts
     D:2: 644 daAuts
     D:6: 12 daAuts
